AoeStats
← ivcrk826

Marketplace

505825223Analyzed
1v1 RM · 22d ago on Sep 11, 2026· 43m 22s· 2 players
Game mode
Random Map
Map size
Tiny (2 player)
Population
200
Speed
Normal
Resources
Standard
Victory
Conquest
Starting age
Dark Age
Ending age
Imperial Age
RankedLock teamsTeams togetherTeam positionsShared explorationLock speedFull tech treeHidden civsTurbo modeCheats
Victory
Defeat
🇪🇸 Britons · Spain
1196
+14
🇦🇷 Inca · Argentina
1155
-14
ivcrk826
8:01 Loom
10:36 Feudal Age
11:48 Champi Runner
12:35 Double-Bit Axe
22:36 Fletching
28:09 Castle Age
vivero
6:52 Loom
9:08 Feudal Age
12:52 Fletching
22:44 Castle Age
21:21 Padded Archer Armor
22:29 Scale Barding Armor
22:36 Double-Bit Axe
22:51 Crossbowman
23:35 Bodkin Arrow
25:27 Leather Archer Armor
27:00 Heated Shot
27:31 Ballistics
28:42 Chain Barding Armor
28:33 Forging
39:52 Imperial Age
40:45 Bow Saw
40:44 Bracer
Connection lost

Rejoining the realm…

Still unreachable

The connection could not be restored.

Session expired

The server has moved on; the page needs a fresh start.